 Dungeon Crawl Stone Soup version 0.19-a0-1035-gdbfb0c6 (console) character file.

2409 brucemayne the Cleaver (level 9, -6/97 HPs)
             Began as a Vampire Berserker on July 29, 2016.
             Was a Believer of Trog.
             Killed from afar by an electric eel (8 damage)
             ... with a bolt of electricity
             ... on level 8 of the Dungeon.
             The game lasted 00:11:35 (2077 turns).

brucemayne the Cleaver (Vampire Berserker)          Turns: 2077, Time: 00:11:35

Health: -6/97      AC: 11    Str: 24    XL:     9   Next: 23%
Magic:  9/9        EV: 11    Int: 10    God:    Trog [**....]
Gold:   150        SH:  0    Dex: 13    Spells: 0 memorised, 8 levels left

rFire  . . .     SeeInvis +     t - +0 war axe
rCold  . . .     Gourm    .     n - +1 scale mail
rNeg   + . .     Faith    .     (no shield)
rPois  .         Spirit   .     (no helmet)
rElec  .         Dismiss  .     k - +2 cloak
rCorr  .         Reflect  .     (no gloves)
SustAt .         Harm     .     (no boots)
MR     .....     Rnd*Tele +     (no amulet)
Stlth  ..........               h - ring of stealth
                                p - ring of teleportation (curse)

@: berserking (expiring), very quick, not resistant to hostile enchantments,
extremely unstealthy
A: fangs 3, see invisible, unbreathing
a: Bat Form, Berserk, Trog's Hand, Burn Spellbooks, Renounce Religion


You were on level 8 of the Dungeon.
You worshipped Trog.
Trog was pleased with you.
You were not thirsty.

You visited 2 branches of the dungeon, and saw 9 of its levels.

You collected 150 gold pieces.

Inventory:

Hand Weapons
 a - a +0 hand axe
 g - a +0 whip of freezing
 j - a +1 battleaxe
 o - the cursed +2 falchion of the Realm of Zot {freeze, -Tele rPois Str+2}
   (You found it on level 4 of the Dungeon)

   It has been specially enchanted to freeze those struck by it, causing extra
   injury to most foes and up to half again as much damage against particularly
   susceptible opponents.
   It can also slow down cold-blooded creatures.
   It affects your strength (+2).
   It protects you from poison.
   It prevents most forms of teleportation.
   It has a curse placed upon it.
 t - a +0 war axe (weapon)
Armour
 b - a +0 animal skin
 k - a +2 cloak (worn)
 n - a +1 scale mail (worn)
Jewellery
 h - a ring of stealth (right hand)
 p - a cursed ring of teleportation (left hand)
Scrolls
 e - 2 scrolls of identify
 r - 2 scrolls of teleportation {unknown}
 u - a scroll of fog {unknown}
Potions
 c - a potion of blood
 d - 4 potions of curing
 f - 2 potions of might {unknown}
 i - a potion of ambrosia {unknown}
 l - a potion of berserk rage {unknown}
 m - a potion of heal wounds {unknown}
 q - a potion of mutation {unknown}
 s - a potion of cure mutation {unknown}


   Skills:
 + Level 4.2 Fighting
 - Level 10.7 Axes
 + Level 3.3 Armour
 - Level 2.1 Dodging


You had 8 spell levels left.
You didn't know any spells.

Dungeon Overview and Level Annotations

Branches:
Dungeon (8/15)             Temple (1/1) D:4
   Lair: D:8-11

Altars:
Cheibriados
Dithmenos
Makhleb
Nemelex Xobeh
Pakellas
Ru
Sif Muna
Zin
The Shining One


Innate Abilities, Weirdness & Mutations

You have razor-sharp teeth.
You have supernaturally acute eyesight. (SInv)
You can survive without breathing.


Message History

Your Armour skill gained 2 levels and is now at level 3!
You have reached level 9!
Your experience leads to an increase in your attributes!
Your base attributes are Str 18, Int 10, Dex 13.
Increase (S)trength, (I)ntelligence, or (D)exterity?
You feel stronger.
You are suddenly yanked towards some nearby monsters!
Your surroundings suddenly seem different.
A yak comes into view.
The yak bellows!
A wolf comes into view.
The wolf howls!
The wolf barely misses you.
An ice beast and 2 electric eels come into view.
You feel a strong urge to attack something.
The electric eel shoots out a bolt of lightning at you!
The bolt of electricity hits you!
* * * LOW HITPOINT WARNING * * *
The bolt of electricity hits you!
You die...

... ... .. ..
... #. #... #
#.#####....
.##.. ##
.......... .....
#...###.........
..#..
#......@Y.......
.....
......≈≈h≈Y.....
.....
#...≈.≈≈≈.......
.....
..#..≈≈≈≈≈...#..
..... .
#..≈≈≈≈≈≈..#
.....
....≈≈;≈;≈..#
.....
....≈.≈≈≈≈≈..#
....
....≈.......##
... .#.........#


You could see a yak, an ice beast, a wolf and 2 electric eels.

Vanquished Creatures
  A centaur warrior (D:8)
  Pikel (D:4)
  Sigmund (D:5)
  An orc warrior (D:6)
  2 ogres
  A centaur (D:5)
  The ghost of crawlian the Firebug, an amateur DEFE (D:5)
  A giant frog (D:6)
  A scorpion (D:6)
  4 wights (D:7)
  3 howler monkeys
  A quasit (D:6)
  A hound (D:5)
  A giant frog zombie (D:5)
  An iguana (D:5)
  2 orc wizards (D:6)
  Ijyb (D:3)
  A centaur skeleton (D:6)
  A worker ant (D:6)
  A mummy (D:5)
  2 adders (D:5)
  6 orcs
  3 giant cockroaches
  4 jackals
  2 quokkas
  2 bats (D:1)
  A giant newt (D:4)
  3 kobolds
  5 rats
55 creatures vanquished.

Vanquished Creatures (others)
  A slave (D:5)
  A hound skeleton (D:5)
  A shadow imp (D:5)
3 creatures vanquished.

Grand Total: 58 creatures vanquished

Notes
Turn   | Place    | Note
-------+----------+-------------------------------------------
     0 | D:1      | brucemayne the Vampire Berserker began the quest for the Orb.
     0 | D:1      | Reached XP level 1. HP: 17/17 MP: 1/1
   131 | D:1      | Reached skill level 3 in Axes
   225 | D:3      | Reached XP level 2. HP: 18/23 MP: 2/2
   282 | D:3      | Noticed Ijyb
   298 | D:3      | Killed Ijyb
   298 | D:3      | Reached XP level 3. HP: 13/28 MP: 3/3
   375 | D:4      | Reached skill level 4 in Axes
   382 | D:4      | Found a snail-covered altar of Cheibriados.
   508 | D:4      | Got a slimy falchion
   578 | D:4      | Reached XP level 4. HP: 24/34 MP: 4/4
   606 | D:4      | Found a staircase to the Ecumenical Temple.
   614 | Temple   | Entered the Ecumenical Temple
   633 | D:4      | Identified the cursed +2 falchion of the Realm of Zot {freeze, -Tele rPois Str+2} (You found it on level 4 of the Dungeon)
   646 | D:5      | Entered Level 5 of the Dungeon
   694 | D:5      | Noticed an ogre
   701 | D:5      | Noticed Sigmund
   701 | D:5      | Killed an ogre
   701 | D:5      | Reached skill level 5 in Axes
   701 | D:5      | Reached XP level 5. HP: 39/39 MP: 5/5
   781 | D:5      | Killed Sigmund
   781 | D:5      | Reached skill level 6 in Axes
   781 | D:5      | Reached XP level 6. HP: 40/46 MP: 6/6
   822 | D:5      | Noticed a slave
   823 | D:5      | Noticed a slave
   828 | D:5      | Noticed Pikel
   828 | D:5      | Noticed a slave
   829 | D:5      | Noticed a slave
   858 | D:4      | Found a deep blue altar of Sif Muna.
  1019 | D:4      | Killed Pikel
  1019 | D:4      | Reached skill level 8 in Axes
  1019 | D:4      | Reached XP level 7. HP: 22/51 MP: 7/7
  1056 | D:5      | Reached ** piety under Trog
  1182 | D:5      | Noticed crawlian's ghost (amateur DEFE)
  1191 | D:5      | Killed crawlian's ghost
  1301 | D:5      | Reached XP level 8. HP: 23/57 MP: 8/8
  1333 | D:6      | Reached skill level 9 in Axes
  1799 | D:6      | Reached skill level 10 in Axes
  2066 | D:8      | Noticed a centaur warrior
  2075 | D:8      | Killed a centaur warrior
  2075 | D:8      | Reached XP level 9. HP: 17/65 MP: 9/9
  2077 | D:8      | HP: 2/97 [electric eel/bolt of electricity (16)]
  2077 | D:8      | Killed from afar by an electric eel

Vault maps used:
D:1:      dpeg_arrival_chambers_temple_mockup, minmay_misc_feat_secret_circle,
          hex_medium, grunt_decor_clamped, minmay_pentomino_z2
D:2:      first_bread, ashenzari_altar_1
D:3:      minmay_misc_feat_cross, uniq_iyjb
D:4:      lemuel_doored_altar, kennysheep_little_box
D:5:      kennysheep_six_static_rooms, gup_ossuary_entry_pyramid,
          portal_sewer_entry_e, uniq_pikel, uniq_sigmund
D:6:      lemuel_round_altar
D:7:      lemuel_coloured_pillars_altar, basic_altar, the_bakery, uniq_menkaure
D:8:      trog_ov_bears_minmay, serial_ice, serial_ice_o, serial_ice_i,
          serial_ice_f, serial_ice_c, minmay_guarded_unrand_variability,
          uniq_maurice
Temple:   eino_temple_rhombus

Skill      XL: |  1  2  3  4  5  6  7  8 |
---------------+-------------------------+-----
Axes           | 3 4 5 6 8 10 | 10.7
Fighting       | 4 |  4.2
Armour         | 3 |  3.3
Dodging        | |  2.1

Action                   |  1- 3 |  4- 6 |  7- 9 || total
-------------------------+-------+-------+-------++-------
Melee: Hand axe          |    51 |    43 |   157 ||   251
       Bite              |     6 |     6 |    23 ||    35
       War axe           |       |       |    35 ||    35
Invok: Berserk           |       |     3 |     7 ||    10
       Trog's Hand       |       |       |     3 ||     3
 Abil: End Transformatio |       |     1 |     1 ||     2
       Bat Form          |       |     1 |     1 ||     2
  Use: Potion            |     1 |     5 |     9 ||    15
       Scroll            |       |     7 |     2 ||     9
 Stab: Sleeping          |     2 |       |       ||     2
Armor: Animal skin       |     8 |       |       ||     8
       Scale mail        |     4 |    12 |    78 ||    94
Dodge: Dodged            |    29 |    15 |    86 ||   130
